 Dungeon Crawl Stone Soup version bcrawl-1.27.1d (webtiles) character file.

Game seed: 14892130748926502610

140716 Mehrunes the Skirmisher (level 5, -2/46 HPs)
             Began as a Demigod Fighter on July 23, 2020.
             Killed by nerve-wracking pain
             ... invoked by an orc priest
              (8 damage)
             ... on level 3 of the Dungeon.
             The game lasted 00:06:42 (2632 turns).

Mehrunes the Skirmisher (Demigod Fighter)           Turns: 2632, Time: 00:06:42

Health: -2/46      AC: 12    Str: 22    XL:     5   Next: 19%
Magic:  7/7        EV:  1    Int: 12    God:    Demigod [**....]
Gold:   213        SH:  9    Dex: 16    Spells: 4/4 levels left

rFire    . . .     SeeInvis .   a - +0 flail
rCold    . . .     Gourm    .   c - +0 medium shield
rNeg     . . .     Faith    .   p - +0 plate armour
rPois    .         Spirit   .   m - +0 helmet
rElec    .         Reflect  .   (no cloak)
rCorr    +         Harm     .   (no gloves)
MR       .....                  (no boots)
Stlth    ..........             x - amulet of magic regeneration
HPRegen  0.15/turn              f - ring of resist corrosion
MPRegen  0.35/turn              (no ring)

@: no status effects
A: high mp 1
a: Temporal Distortion, Growth


You were on level 3 of the Dungeon.
You worshipped Demigod.
Demigod was pleased with you.
You were not hungry.

You visited 1 branch of the dungeon, and saw 3 of its levels.

You collected 213 gold pieces.

Inventory:

Hand Weapons
 a - a +0 flail (weapon)
Armour
 b - a +0 scale mail
 c - a +0 medium shield (worn)
 m - a +0 helmet (worn)
 p - a +0 plate armour (worn)
Jewellery
 f - a ring of resist corrosion (left hand)
 x - an amulet of magic regeneration (around neck)
 y - an uncursed ring of magical power {unknown}
Scrolls
 g - 2 scrolls of identify
 h - 2 scrolls of fear {unknown}
 i - 2 scrolls of amnesia {unknown}
 j - 5 scrolls of teleportation {unknown}
 k - a scroll of blinking {unknown}
 l - a scroll of remove curse {unknown}
 q - 2 scrolls of immolation {unknown}
 w - a scroll of noise {unknown}
Potions
 d - 2 potions of might
 o - a potion of flight {unknown}
 r - a potion of agility {unknown}
 s - a potion of degeneration {unknown}
 t - 3 potions of heal wounds {unknown}
 u - a potion of brilliance {unknown}
 v - 2 potions of curing {unknown}
Comestibles
 e - 6 rations {!d}
 n - 6 chunks of flesh


   Skills:
 + Level 4.2 Fighting
 + Level 3.7 Maces & Flails
 - Level 2.6 Armour
 - Level 2.6 Shields


You had 4 spell levels left.
You didn't know any spells.
Your spell library was empty.

Dungeon Overview and Level Annotations

Branches:
Dungeon (3/12)


Innate Abilities, Weirdness & Mutations

You have an increased reservoir of magic. (+10% MP)


Message History

The orc priest is moderately wounded.
The orc priest invokes the aid of Beogh against you.
Pain shoots through your body!
Your shield and plate armour prevent you from hitting the orc priest.
The orc priest is moderately wounded.
The orc priest hits you with a +0 mace of protection.
You hit the orc priest but do no damage.
The orc priest is moderately wounded.
You block the orc priest's attack.
You hit the orc priest but do no damage.
The orc priest is moderately wounded.
The orc priest mumbles some strange prayers to Beogh against you.
Beogh smites you!
* * * LOW HITPOINT WARNING * * *
Your shield and plate armour prevent you from hitting the orc priest.
The orc priest is moderately wounded.
The orc priest mumbles some strange prayers to Beogh against you.
Pain shoots through your body!
You die...
Your divinity fades.

#......#.# #..##..#.#.
#......#.######........#.
#......#.........##..###. ###
#......#.#######.##..#.#. ..#
#......#...............#.
..#######......#.########.#..#.#.
..#............#.......÷.....#.#.
..#.#####.####.#......###....#.#.
..........# .#@#.#### #......#.
..........# .#o#.#######...#.#.
..........# #.#.#...÷.........
..........# #.#.#.######..#.#.
..........# #.#.#.#######...#.
..........# #.#.#.#........##.
..........# #.#.#.#........##.
.......... #.#.#.#........##.
#...... ..# #.#.#.#........##.


You could see an orc priest.

Vanquished Creatures
  A crimson imp (D:2)
  3 adders
  An adder skeleton (D:3)
  5 worms
  2 dart slugs (D:1)
  5 leopard geckos
  An orc (D:3)
  5 bats
  A giant cockroach (D:2)
  6 hobgoblins (D:2)
  12 jackals (D:3)
  3 quokkas
  A ball python (D:1)
  3 frilled lizards
  2 goblins
  15 kobolds
  7 rats
73 creatures vanquished.

Notes
Turn   | Place    | Note
-------+----------+-------------------------------------------
     0 | D:1      | Mehrunes the Demigod Fighter began the quest for the Orb.
     0 | D:1      | Reached XP level 1. HP: 18/18 MP: 3/3
   287 | D:1      | Reached skill level 3 in Fighting
   300 | D:1      | Reached XP level 2. HP: 19/26 MP: 4/4
   967 | D:2      | Noticed a crimson imp
   976 | D:2      | Reached * piety under Demigod
  1001 | D:2      | Killed a crimson imp
  1001 | D:2      | Reached XP level 3. HP: 18/31 MP: 5/5
  1130 | D:2      | Reached XP level 4. HP: 38/40 MP: 6/6
  1567 | D:2      | Found a shattered altar of Ashenzari.
  1568 | D:2      | Found a glowing silver altar of Zin.
  1904 | D:2      | Reached skill level 4 in Fighting
  2208 | D:3      | Reached ** piety under Demigod
  2258 | D:3      | Reached XP level 5. HP: 44/46 MP: 7/7
  2632 | D:3      | Killed from afar by an orc priest

Skill      XL: |  1  2  3  4 |
---------------+-------------+-----
Maces & Flails | 2 3 |  3.7
Fighting       | 3 4 |  4.2
Armour         | |  2.6
Shields        | |  2.6

Action                   |  1- 3 |  4- 6 || total
-------------------------+-------+-------++-------
Melee: Flail             |   121 |   162 ||   283
  Use: Scroll            |       |     1 ||     1
  Eat: Chunk             |     2 |    10 ||    12
       Ration            |     1 |       ||     1
Armor: Scale mail        |    67 |     2 ||    69
       Plate armour      |       |   101 ||   101
Dodge: Dodged            |    30 |    14 ||    44
Block: Medium shield     |    76 |    92 ||   168
